 Dungeon Sprint DCSS version 0.23.2-1-ga50397a6bc (webtiles) character file.

Game seed: 3152320550499680618

78321 Findor the Conqueror (level 15, -20/206 HPs)
             Began as an Ogre Berserker on May 7, 2019.
             Was an Elder of Trog.
             Demolished by a death cob (33 damage)
             ... in the Dungeon (Sprint IX: "|||||||||||||||||||||||||||||").
             The game lasted 00:15:49 (5428 turns).

Findor the Conqueror (Ogre Berserker)               Turns: 5428, Time: 00:15:49

Health: -20/206    AC: 23    Str: 35    XL:     15   Next: 59%
Magic:  5/5        EV: 11    Int:  8    God:    Trog [****..]
Gold:   1060       SH:  5    Dex:  6    Spells: 14/14 levels left

rFire    . . .     SeeInvis .   b - +4 giant spiked club of the Ass {antimagic, rC+}
rCold    + . .     Gourm    .   (shield currently unavailable)
rNeg     . . .     Faith    .   A - +0 shadow dragon scales
rPois    .         Spirit   .   (helmet restricted)
rElec    .         Reflect  +   p - +0 cloak
rCorr    .         Harm     .   (gloves unavailable)
MR       ++...     NoTele   +   (boots unavailable)
Stlth    ++........             s - +5 amulet of reflection
HPRegen  0.44/turn              m - +2 ring of protection
MPRegen  0.09/turn              l - ring of protection from magic

@: mighty, berserk cooldown, hasted and slowed, invisible
A: large, unfitting armour, icy blue scales 1, clumsy 1, tough skin 1
a: Berserk, Trog's Hand, Brothers in Arms, Renounce Religion


You were in the Dungeon.
You worshipped Trog.
Trog was greatly pleased with you.
You were not hungry.

You visited 1 branch You collected 1908 gold pieces.
You spent 848 gold pieces at shops.


Innate Abilities, Weirdness & Mutations

You are too large for most types of armour.
You have tough skin. (AC +1)
You are partially covered in icy blue scales. (AC +2)
You are clumsy. (Dex -2)


   Skills:
 O Level 27 Fighting
 + Level 24.9 Maces & Flails
 + Level 14.1 Armour
 + Level 15.5 Dodging


You had 14 spell levels left.
You didn't know any spells.
Your spell library was empty.

Inventory:

Hand Weapons
 a - the +5 giant spiked club of Ymmoruw {drain, -Tele rElec rN+ Int+3}
   (Trog gifted it to you in the Dungeon)

   A truly terrible weapon, it drains the life of those it strikes.
   It affects your intelligence (+3).
   It insulates you from electricity.
   It protects you from negative energy.
   It prevents most forms of teleportation.
 b - the +4 giant spiked club of the Ass (weapon) {antimagic, rC+}
   (Trog gifted it to you in the Dungeon)

   It reduces the magical energy of the wielder, and disrupts the spells and
   magical abilities of those hit.
   Natural abilities and divine invocations are not affected.
   It protects you from cold.
 w - the +6 giant spiked club of Exoneration {flame, *Contam +Fly rC++}
   (Trog gifted it to you in the Dungeon)

   It has been specially enchanted to burn those struck by it, causing extra
   injury to most foes and up to half again as much damage against particularly
   susceptible opponents.
   It greatly protects you from cold.
   It lets you fly.
   It causes magical contamination when unequipped.
Armour
 p - a +0 cloak (worn)
   (You found it in the Dungeon)
 A - +0 shadow dragon scales (worn)
   (You found it in the Dungeon)
Jewellery
 l - a ring of protection from magic (right hand)
   (You found it in the Dungeon)
 m - a +2 ring of protection (left hand)
   (You found it in the Dungeon)
 s - a +5 amulet of reflection (around neck)
   (You bought it in a shop in the Dungeon)
 z - an uncursed ring of protection from magic
   (You found it in the Dungeon)
Wands
 x - a wand of acid (2)
   (You found it in the Dungeon)
Scrolls
 j - 6 scrolls of remove curse {@r2}
 r - 3 scrolls of fog
 u - 6 scrolls of identify {@r1}
 v - 4 scrolls of enchant armour
 C - a scroll of fear
Potions
 d - 4 potions of curing {@q1}
 g - 4 potions of magic
 h - a potion of berserk rage
 n - a potion of agility
 o - a potion of brilliance
Comestibles
 q - 3 rations


Message History

Unknown command.
You barely miss the death cob. The death cob hits you!!
* * * LOW HITPOINT WARNING * * *
Unknown command.
You feel much better. The death cob hits you!
* * * LOW HITPOINT WARNING * * *
You block the death cob's attack. The death cob barely misses you.
Unknown command.
Okay, then.
Okay, then.
The death cob closely misses you.
Your two-headed ogre goes berserk!
Trog will no longer gift you weapons.
The death cob closely misses you. x2; The death cob hits you!
* * * LOW HITPOINT WARNING * * *
The death cob drains your vigour!
You feel as though you will be slow longer.
The death cob barely misses you. You block the death cob's attack.
You swap places.
The death cob hits your two-headed ogre!!
Your two-headed ogre completely misses the death cob.
Your two-headed ogre hits the death cob with a +0 great mace!!
The death cob hits your two-headed ogre!!!
The death cob drains your two-headed ogre's vigour!
Your two-headed ogre seems to slow down.
The death cob hits your two-headed ogre!
The death cob hits your two-headed ogre!!
Your two-headed ogre dies!
Your two-headed ogre's corpse disappears in a puff of smoke!
Evoke which item? (* to show all) (? for menu, Esc to quit)
Aiming: Corrosive Bolt
Press: ? - help, Shift-Dir - straight line, f - death cob
Aim: a death cob (purple smoke, heavily damaged, unusually strong)
The bolt of acid misses the death cob.
The bolt of acid hits the white draconian.
The white draconian is splashed with acid.
The acid corrodes the white draconian!
The death cob hits you but does no damage.
Evoke which item? (* to show all) (? for menu, Esc to quit)
Aiming: Corrosive Bolt
Press: ? - help, Shift-Dir - straight line, f/p - death cob
Aim: a death cob (moderately damaged, unusually strong)
Okay, then.
Unknown command.
Okay, then.
Unknown command.
You fade into invisibility!
You block the death cob's attack. The death cob closely misses you.
The death cob hits you!!
You die...

.▓.▓)▓.▓)▓.▓)▓.▓)▓
.▓.▓)▓.▓)▓.▓.▓.▓'▓
.▓.▓)▓.▓)▓.▓)▓.▓[▓
)▓.▓)▓.▓)▓.▓'▓.▓)▓
|▓.▓)▓.▓.▓.▓.▓.▓.▓
)▓.▓'▓(▓.▓.▓.▓.▓.▓
.▓.▓.▓(▓=▓.▓.▓.▓d▓
.▓.▓.▓(▓=▓.▓.▓.▓z▓
.▓.▓.▓(▓.▓.▓.▓.▓@▓
.▓.▓.▓)▓'▓.▓.▓.▓.▓
.▓.▓.▓)▓.▓.▓.▓.▓.▓
'▓.▓.▓.▓.▓.▓.▓.▓.▓
.▓.▓.▓.▓.▓.▓.▓.▓.▓
.▓.▓.▓.▓.▓.▓.▓.▓.▓
.▓.▓.▓.▓.▓.▓.▓.▓.▓
.▓.▓.▓.▓.▓.▓.▓.▓.▓
.▓.▓.▓.▓.▓.▓.▓.▓.▓


You could see a white draconian and a death cob.

Vanquished Creatures
  Gloorx Vloq (D)
  An ancient lich (D)
  A sphinx (D)
  A storm dragon (D)
  A thorn hunter (D)
  2 vault wardens (D)
  A fire giant (D)
  2 stone giants (D)
  A very ugly thing (D)
  Azrael (D)
  2 dire elephants (D)
  A spark wasp (D)
  2 ettins (D)
  2 yaktaur captains (D)
  2 fire dragons (D)
  2 great orbs of eyes (D)
  An ogre mage (D)
  A rakshasa (D)
  A naga warrior (D)
  An alligator snapping turtle (D)
  2 orc high priests (D)
  An anaconda (D)
  Urug (D)
  A skeletal warrior (D)
  An unseen horror (D)
  A sea snake (D)
  2 naga ritualists (D)
  2 ironbrand convokers (D)
  6 orc knights (D)
  An orb spider (D)
  A deep elf mage (D)
  2 wolf spiders (D)
  5 cyclopes (D)
  2 manticores (D)
  A salamander (D)
  6 elephants (D)
  2 moths of wrath (D)
  5 black mambas (D)
  A merfolk siren (D)
  2 vault sentinels (D)
  A torpor snail (D)
  A gargoyle (D)
  2 spiny frogs (D)
  A demonic crawler (D)
  2 komodo dragons (D)
  A merfolk (D)
  A hornet (D)
  A polar bear (D)
  A jumping spider (D)
  A wind drake (D)
  A snapping turtle (D)
  2 blink frogs (D)
  A slime creature (D)
  A blink frog (shapeshifter) (D)
  A hippogriff (D)
  2 redbacks (D)
  A wraith (D)
  2 water elementals (D)
  2 yaks (D)
  2 wyverns (D)
  A fire elemental (D)
  A basilisk (D)
  An acid dragon (D)
  2 water moccasins (D)
  5 hell hounds (D)
  2 porcupines (D)
  3 orc warriors (D)
  A swamp drake (D)
  A boggart (D)
  2 crocodiles (D)
  A centaur (D)
  2 bullfrogs (D)
  A hound (D)
  A quasit (D)
  An orc priest (D)
  A jelly (D)
  An iguana (D)
  3 adders (D)
  An ooze (D)
  An adder skeleton (D)
  A leopard gecko (D)
  2 orcs (D)
  2 bat zombies (D)
  A hobgoblin (D)
  A leopard gecko skeleton (D)
  2 rats (D)
140 creatures vanquished.

Vanquished Creatures (collateral kills)
  A greater mummy (D)
  A tentacled monstrosity (D)
  A fire giant (D)
  A frost giant (D)
  2 stone giants (D)
  A vampire knight (D)
  A deep elf demonologist (D)
  A great orb of eyes (D)
  A spriggan air mage (D)
  An ice dragon (D)
  An alligator (D)
  4 orc high priests (D)
  Sonja (D)
  A hell knight (D)
  A spriggan druid (D)
  A necromancer (D)
  6 orc knights (D)
  An ugly thing (D)
  2 vault sentinels (D)
  A yaktaur (D)
  A slime creature (D)
  A bog body (D)
  A spriggan (D)
  A hog (shapeshifter) (D)
  8 orc warriors (D)
  A swamp drake (D)
  2 orc wizards (D)
  6 orc priests (D)
  An orc (D)
52 creatures vanquished.

Vanquished Creatures (others)
  A fire giant (D)
1 creature vanquished.

Grand Total: 193 creatures vanquished

Notes
Turn   | Place    | Note
-------+----------+-------------------------------------------
     0 | D        | Findor the Ogre Berserker began the quest for the Orb.
     0 | D        | Reached XP level 1. HP: 24/24 MP: 1/1
     4 | D        | Reached skill level 3 in Maces & Flails
     9 | D        | Reached ** piety under Trog
    15 | D        | Reached XP level 2. HP: 24/32 MP: 2/2
   166 | D        | Noticed a centaur
   174 | D        | Killed a centaur
   174 | D        | Reached XP level 3. HP: 26/39 MP: 3/3
   174 | D        | Reached XP level 4. HP: 32/48 MP: 4/4
   175 | D        | Reached *** piety under Trog
   183 | D        | Reached skill level 9 in Maces & Flails
   183 | D        | Reached XP level 5. HP: 31/54 MP: 5/5
   364 | D        | Found a roughly hewn altar of Beogh.
   364 | D        | Found a snail-covered altar of Cheibriados.
   364 | D        | Found a shadowy altar of Dithmenos.
   364 | D        | Found a white marble altar of Elyvilon.
   364 | D        | Found a blossoming altar of Fedhas.
   364 | D        | Found an opulent altar of Gozag.
   365 | D        | Found a hazy altar of Hepliaklqana.
   366 | D        | Found a viscous altar of Jiyva.
   367 | D        | Found an ancient bone altar of Kikubaaqudgha.
   368 | D        | Found a corrupted altar of Lugonu.
   369 | D        | Found a burning altar of Makhleb.
   370 | D        | Found a sparkling altar of Nemelex Xobeh.
   371 | D        | Found an iron altar of Okawaru.
   372 | D        | Found a stormy altar of Qazlal.
   373 | D        | Found a sacrificial altar of Ru.
   374 | D        | Found a deep blue altar of Sif Muna.
   375 | D        | Found a bloodstained altar of Trog.
   376 | D        | Found a hide-covered altar of Uskayaw.
   377 | D        | Found a radiant altar of Vehumet.
   378 | D        | Found an ornate altar of the Wu Jian Council.
   379 | D        | Found a shimmering altar of Xom.
   380 | D        | Found a basalt altar of Yredelemnul.
   381 | D        | Found a glowing silver altar of Zin.
   382 | D        | Found a glowing golden altar of the Shining One.
   408 | D        | Noticed an orc warrior
   411 | D        | Reached **** piety under Trog
   420 | D        | Killed an unseen horror
   420 | D        | Reached XP level 6. HP: 43/62 MP: 6/6
   420 | D        | Reached XP level 7. HP: 48/70 MP: 7/7
   598 | D        | Noticed a gargoyle
   598 | D        | Noticed a wraith
   604 | D        | Reached ***** piety under Trog
   604 | D        | Reached skill level 1 in Armour
   604 | D        | Reached skill level 3 in Dodging
   604 | D        | Reached XP level 8. HP: 79/79 MP: 8/8
   606 | D        | Reached skill level 5 in Fighting
   616 | D        | Killed a wraith
   616 | D        | Reached skill level 15 in Maces & Flails
   619 | D        | Received a gift from Trog
   619 | D        | Reached skill level 6 in Fighting
   621 | D        | Killed a gargoyle
   621 | D        | Reached skill level 7 in Fighting
   621 | D        | Reached skill level 3 in Armour
   853 | D        | Noticed a yak
   853 | D        | Noticed a black mamba
   853 | D        | Noticed a komodo dragon
   853 | D        | Noticed a spiny frog
   857 | D        | Killed a spiny frog
   857 | D        | Reached skill level 8 in Fighting
   857 | D        | Reached XP level 9. HP: 96/96 MP: 9/9
   859 | D        | Killed a komodo dragon
   859 | D        | Reached skill level 6 in Dodging
   866 | D        | Killed a black mamba
   866 | D        | Reached skill level 9 in Fighting
   869 | D        | Reached skill level 10 in Fighting
   873 | D        | Reached skill level 6 in Armour
   881 | D        | Received a gift from Trog
   997 | D        | Noticed a polar bear
   998 | D        | Noticed a spiny frog
  1010 | D        | Reached XP level 10. HP: 111/111 MP: 10/10
  1013 | D        | Reached skill level 11 in Fighting
  1024 | D        | Killed a spiny frog
  1029 | D        | Received a gift from Trog
  1034 | D        | HP: 22/115 [blink frog (15)]
  1038 | D        | Reached ****** piety under Trog
  1042 | D        | Got an iridescent giant club {god gift}
  1043 | D        | Identified the +9 giant club "Coasy" {freeze, Dex+4 Stlth+}
                  | (Trog gifted it to you in the Dungeon)
  1249 | D        | Noticed an elephant
  1249 | D        | Noticed a dire elephant
  1249 | D        | Noticed an elephant
  1249 | D        | Noticed an elephant
  1249 | D        | Noticed an elephant
  1249 | D        | Noticed an elephant
  1250 | D        | Noticed a dire elephant
  1254 | D        | Killed an elephant
  1254 | D        | Reached skill level 12 in Fighting
  1257 | D        | Killed an elephant
  1257 | D        | Reached skill level 9 in Dodging
  1259 | D        | Noticed an elephant
  1262 | D        | Killed a dire elephant
  1262 | D        | Reached skill level 13 in Fighting
  1266 | D        | Killed a dire elephant
  1266 | D        | Reached XP level 11. HP: 127/127 MP: 11/11
  1275 | D        | Received a gift from Trog
  1275 | D        | Reached skill level 9 in Armour
  1281 | D        | Reached skill level 14 in Fighting
  1487 | D        | Noticed a stone giant
  1493 | D        | Killed a stone giant
  1504 | D        | Received a gift from Trog
  1510 | D        | Received a gift from Trog
  1562 | D        | Noticed an orc high priest
  1562 | D        | Noticed an orc knight
  1565 | D        | Killed an orc knight
  1568 | D        | Killed an orc high priest
  1573 | D        | Received a gift from Trog
  1575 | D        | Reached skill level 15 in Fighting
  1576 | D        | Got a fine giant spiked club {god gift}
  1576 | D        | Noticed an orc knight
  1577 | D        | Identified the +6 giant spiked club of Netos {distort,
                  | Str+3} (Trog gifted it to you in the Dungeon)
  1581 | D        | Killed an orc knight
  1597 | D        | Received a gift from Trog
  1651 | D        | Found Dygaw's Jewellery Boutique.
  1651 | D        | Noticed an orc knight
  1651 | D        | Noticed an orc knight
  1651 | D        | Noticed an orc knight
  1651 | D        | Noticed an orc knight
  1651 | D        | Noticed an orc high priest
  1652 | D        | Noticed an orc high priest
  1661 | D        | Killed an orc knight
  1666 | D        | HP: 23/132 [orc high priest/divine providence (11)]
  1672 | D        | Killed an orc high priest
  1676 | D        | Killed an orc knight
  1678 | D        | Killed an orc knight
  1682 | D        | Killed an orc knight
  1684 | D        | Killed an orc high priest
  1688 | D        | Noticed an orc high priest
  1690 | D        | Noticed a sun demon
  1692 | D        | Killed an orc high priest
  1692 | D        | Received a gift from Trog
  1693 | D        | Got a crystal giant spiked club {god gift}
  1773 | D        | Noticed an orc knight
  1861 | D        | Identified the +4 giant spiked club of Valour {freeze,
                  | Str+3} (Trog gifted it to you in the Dungeon)
  1910 | D        | Killed an orc knight
  1910 | D        | Reached skill level 16 in Fighting
  1910 | D        | Reached XP level 12. HP: 103/144 MP: 12/12
  1939 | D        | Gained mutation: You are partially covered in icy blue
                  | scales. (AC +2) [mutagenic glow]
  2028 | D        | Found Xobes's Antique Weapon Shop.
  2032 | D        | Found Caemot's Antique Armour Boutique.
  2036 | D        | Found Uscho's Magic Scroll Shop.
  2038 | D        | Noticed an orc high priest
  2039 | D        | Noticed an orc high priest
  2044 | D        | Noticed a soul eater
  2047 | D        | Killed an orc high priest
  2047 | D        | Reached skill level 18 in Maces & Flails
  2047 | D        | Reached skill level 12 in Dodging
  2050 | D        | Killed an orc high priest
  2204 | D        | Bought a scroll of identify for 26 gold pieces
  2204 | D        | Bought a scroll of identify for 26 gold pieces
  2211 | D        | Bought a +5 amulet of reflection for 576 gold pieces
  2217 | D        | Bought a scroll of enchant armour for 97 gold pieces
  2217 | D        | Bought a scroll of enchant armour for 97 gold pieces
  2217 | D        | Bought a scroll of identify for 26 gold pieces
  2285 | D        | Noticed Urug
  2296 | D        | Killed Urug
  2296 | D        | Received a gift from Trog
  2473 | D        | Got the +1 robe of Pivvi {rC+ Str+2}
  2519 | D        | Reached skill level 17 in Fighting
  2525 | D        | Noticed a rakshasa
  2534 | D        | Noticed a stone giant
  2537 | D        | Killed a rakshasa
  2539 | D        | Noticed a fire giant
  2549 | D        | Killed a stone giant
  2551 | D        | Killed a fire giant
  2551 | D        | Received a gift from Trog
  2551 | D        | Reached skill level 18 in Fighting
  2794 | D        | Noticed a stone giant
  2801 | D        | Killed a stone giant
  2929 | D        | Noticed Azrael
  2940 | D        | Killed Azrael
  2940 | D        | Reached XP level 13. HP: 150/161 MP: 13/13
  2941 | D        | Received a gift from Trog
  2947 | D        | Got an iridescent giant spiked club {god gift}
  2948 | D        | Identified the +4 giant spiked club of the Ass {antimagic,
                  | rC+} (Trog gifted it to you in the Dungeon)
  3070 | D        | Reached skill level 19 in Fighting
  3074 | D        | Received a gift from Trog
  3107 | D        | Got a blackened giant spiked club {god gift}
  3128 | D        | Identified the +6 giant spiked club of Exoneration {flame,
                  | *Contam +Fly rC++} (Trog gifted it to you in the Dungeon)
  3437 | D        | Noticed a thorn hunter
  3442 | D        | Killed a thorn hunter
  3448 | D        | Received a gift from Trog
  3448 | D        | Reached skill level 20 in Fighting
  3458 | D        | Reached skill level 21 in Maces & Flails
  3477 | D        | Received a gift from Trog
  3627 | D        | Received a gift from Trog
  3825 | D        | Noticed a spark wasp
  3831 | D        | Killed a spark wasp
  3831 | D        | Reached skill level 21 in Fighting
  3833 | D        | Received a gift from Trog
  4028 | D        | Noticed Sonja
  4043 | D        | Killed Sonja
  4423 | D        | Noticed an ettin
  4423 | D        | Noticed a purple very ugly thing
  4423 | D        | Noticed a great orb of eyes
  4423 | D        | Noticed a fire dragon
  4428 | D        | Killed a fire dragon
  4428 | D        | Received a gift from Trog
  4429 | D        | Noticed a fire dragon
  4431 | D        | Noticed a great orb of eyes
  4433 | D        | Noticed a fire giant
  4436 | D        | Killed a purple very ugly thing
  4436 | D        | Reached XP level 14. HP: 170/180 MP: 14/14
  4437 | D        | Noticed a storm dragon
  4438 | D        | Noticed a fire giant
  4449 | D        | Reached skill level 22 in Fighting
  4460 | D        | Killed a fire giant
  4467 | D        | HP: 27/183 [storm dragon/bolt of lightning (28)]
  4468 | D        | Noticed a frost giant
  4475 | D        | Killed a storm dragon
  4475 | D        | Received a gift from Trog
  4480 | D        | Killed a fire giant
  4486 | D        | Killed a frost giant
  4486 | D        | Received a gift from Trog
  4492 | D        | Reached skill level 23 in Fighting
  4538 | D        | HP: 23/185 [ettin/+0 dire flail (16)]
  4955 | D        | Noticed a stone giant
  4964 | D        | Killed a stone giant
  4964 | D        | Received a gift from Trog
  4969 | D        | Got a fine giant spiked club {god gift}
  4970 | D        | Identified the +5 giant spiked club of Ymmoruw {drain,
                  | -Tele rElec rN+ Int+3} (Trog gifted it to you in the
                  | Dungeon)
  4977 | D        | Gained mutation: You are clumsy. (Dex -2) [mutagenic glow]
  5109 | D        | Reached skill level 12 in Armour
  5123 | D        | Noticed a vault warden
  5124 | D        | Received a gift from Trog
  5127 | D        | Reached skill level 24 in Maces & Flails
  5136 | D        | Killed a vault warden
  5137 | D        | Noticed a vault warden
  5138 | D        | Reached skill level 24 in Fighting
  5145 | D        | Received a gift from Trog
  5161 | D        | Killed a vault warden
  5186 | D        | Received a gift from Trog
  5198 | D        | Noticed a tentacled monstrosity
  5200 | D        | Noticed a vampire knight
  5202 | D        | Killed a tentacled monstrosity
  5203 | D        | Noticed a deep elf demonologist
  5205 | D        | Received a gift from Trog
  5208 | D        | Killed a vampire knight
  5208 | D        | Noticed an Orb Guardian
  5209 | D        | Killed a deep elf demonologist
  5212 | D        | Noticed a greater mummy
  5217 | D        | Noticed an emperor scorpion
  5217 | D        | Noticed an emperor scorpion
  5350 | D        | Noticed an Executioner
  5350 | D        | Noticed an ancient lich
  5350 | D        | Noticed Gloorx Vloq
  5351 | D        | Killed a greater mummy
  5351 | D        | Received a gift from Trog
  5351 | D        | Reached skill level 25 in Fighting
  5351 | D        | Reached XP level 15. HP: 118/201 MP: 5/15
  5353 | D        | Noticed an Executioner
  5356 | D        | Noticed an Executioner
  5372 | D        | HP: 13/201 [ancient lich/poison arrow (50)]
  5378 | D        | Killed an ancient lich
  5379 | D        | Noticed an Executioner
  5379 | D        | Noticed an Executioner
  5380 | D        | Noticed an Executioner
  5394 | D        | Noticed a death cob
  5395 | D        | Noticed a sphinx
  5400 | D        | Noticed an Executioner
  5403 | D        | Killed Gloorx Vloq
  5403 | D        | Reached skill level 26 in Fighting
  5403 | D        | Reached skill level 15 in Dodging
  5409 | D        | Killed a sphinx
  5409 | D        | Reached skill level 27 in Fighting
  5420 | D        | HP: 20/206 [death cob (31)]
  5428 | D        | Demolished by a death cob

Levels and vault maps discovered:
D:        linesprint [early_d, line_temple, items_1, d_10, items_2, lair_1,
          lair_end, items_3, orc_1, orc_end, items_4, d_15, swamp_1, shoals_1,
          snake_1, spider_1, d_20, vaults_1, items_5, swamp_end, shoals_end,
          snake_end, spider_end, vaults_end, d_27, items_6, zot_1, zot_end,
          crypt_end, forest_end, elf_end, slime_end, tomb_end, abyss_end,
          pan_hell_end]

Action                   |  1- 3 |  4- 6 |  7- 9 | 10-12 | 13-15 || total
-------------------------+-------+-------+-------+-------+-------++-------
Melee: Mace              |    19 |    11 |       |       |       ||    30
       Morningstar       |       |    10 |    61 |    21 |       ||    92
       Giant club        |       |       |       |    37 |       ||    37
       Giant spiked club |       |       |       |    72 |   247 ||   319
Invok: Berserk           |     1 |     1 |     3 |     3 |     1 ||     9
       Trog's Hand       |       |     1 |     3 |    10 |     7 ||    21
       Brothers in Arms  |       |       |       |     6 |    11 ||    17
Evoke: Wand              |       |       |       |       |     8 ||     8
  Use: Potion            |     1 |       |       |     2 |    16 ||    19
       Scroll            |       |       |       |     1 |     1 ||     2
 Stab: Distracted        |       |       |       |       |     1 ||     1
  Eat: Chunk             |       |       |     1 |     6 |     6 ||    13
       Ration            |       |       |     1 |     3 |     4 ||     8
Armor: Animal skin       |     1 |     1 |     5 |       |       ||     7
       Acid dragon scale |       |       |     4 |    21 |       ||    25
       Shadow dragon sca |       |       |       |    13 |   110 ||   123
Dodge: Dodged            |     8 |     5 |    17 |    59 |    95 ||   184
Block: Other             |       |       |       |     3 |    49 ||    52
       Reflection        |       |       |       |     1 |     2 ||     3
